 Dungeon Crawl Stone Soup version 0.20.1 (webtiles) character file.

70 VajrapaniSR the Chopper (level 4, 0/61 HPs)
             Began as a Minotaur Berserker on July 2, 2017.
             Was a Follower of Trog.
             Slain by a centaur skeleton (5 damage)
             ... on level 5 of the Dungeon.
             The game lasted 00:03:29 (361 turns).

VajrapaniSR the Chopper (Minotaur Berserker)         Turns: 361, Time: 00:03:29

Health: 0/61       AC:  3    Str: 27    XL:     4   Next: 4%
Magic:  3/3        EV: 12    Int:  4    God:    Trog [*.....]
Gold:   30         SH:  0    Dex: 10    Spells: 3/3 levels left

rFire    . . .     SeeInvis .   a - +0 war axe
rCold    . . .     Gourm    .   (no shield)
rNeg     . . .     Faith    .   b - +0 animal skin
rPois    .         Spirit   .   (helmet restricted)
rElec    .         Reflect  .   g - +0 cloak
rCorr    .         Harm     .   (no gloves)
MR       .....                  (no boots)
Stlth    ..........             (no amulet)
Regen    0.2/turn               (no ring)
MPRegen  0.1/turn               (no ring)

@: berserking, lethally poisoned (0 -> -1), very quick
A: retaliatory headbutt, horns 2
a: Berserk, Burn Spellbooks, Renounce Religion


You were on level 5 of the Dungeon.
You worshipped Trog.
Trog was aware of your devotion.
You were not hungry.

You visited 1 branch of the dungeon, and saw 5 of its levels.

You collected 30 gold pieces.

Inventory:

Hand Weapons
 a - a +0 war axe (weapon)
Armour
 b - a +0 animal skin (worn)
 g - a +0 cloak (worn)
Scrolls
 h - a scroll of teleportation {unknown}
 i - 2 scrolls of identify {unknown}
Potions
 e - a potion of curing {unknown}
 f - 2 potions of invisibility {unknown}
Comestibles
 c - a bread ration
 d - a chunk of flesh


   Skills:
 + Level 4.5 Fighting
 * Level 5.2 Axes
 - Level 2.4 Armour
 - Level 2.1 Dodging


You had 3 spell levels left.
You didn't know any spells.

Dungeon Overview and Level Annotations

Branches:
Dungeon (5/15)
 Temple: D:4-7

Altars:

Annotations:
D:4 dvd's ghost, amateur DEFE


Innate Abilities, Weirdness & Mutations

You reflexively headbutt those who attack you in melee.
You have a pair of horns on your head.


Message History

You feel sick.
The howler monkey hoots and howls with incredible vigour!
You hear a shout! x4
There is a stone staircase leading down here.
Here: dvd's ghost The floor.
The leopard gecko misses you.
Dvd's ghost keens inconsolably.
You climb downwards.
The centaur skeleton hits you.
* * * LOW HITPOINT WARNING * * *
The sky beast hits you.
* * * LOW HITPOINT WARNING * * *
The sky beast shocks you.
* * * LOW HITPOINT WARNING * * *
There is a stone staircase leading up, spattered with blood here.
You take 13 damage, and have 4/41 hp.
MASSIVE DAMAGE!!
A red film seems to cover your vision as you go berserk!
You feel yourself moving faster!
You feel mighty!
You feel a lot more hungry.
You feel sick. The centaur skeleton hits you.
You die...

#.........
#.........
#........#
######........#
..............#
.....!........#
..............#
...........Y..#
...........@..#
..........Zl..#
......####....#
...... #....#
...... #....#
..... #....#
..... #....#
#..<.#
###........


You could see a sky beast, a leopard gecko and a centaur skeleton.

Vanquished Creatures
  A worker ant (D:5)
  4 adders
  A dart slug (D:1)
  A giant cockroach (D:3)
  A quokka (D:4)
  2 goblins (D:2)
  2 kobolds (D:2)
  A rat (D:1)
13 creatures vanquished.

Notes
Turn   | Place    | Note
-------+----------+-------------------------------------------
     0 | D:1      | VajrapaniSR the Minotaur Berserker began the quest for the Orb.
     0 | D:1      | Reached XP level 1. HP: 19/19 MP: 0/0
    61 | D:1      | You fall through a shaft!
    75 | D:2      | murphy: u can speedrun troll without chei
    76 | D:2      | VajrapaniSR: what other gods are viable?
    76 | D:2      | murphy: nobody knows
    76 | D:2      | VajrapaniSR: 4tharra did one with TSO
    76 | D:2      | VajrapaniSR: might be good with makhleb
    76 | D:2      | VajrapaniSR: for 3-runes
    76 | D:2      | murphy: i think gozag or ru can be good
    76 | D:2      | VajrapaniSR: gozag?
    76 | D:2      | murphy: yedremnul
    76 | D:2      | murphy: oka ofc
    80 | D:2      | murphy: trog
    87 | D:2      | murphy: for zerking
    90 | D:2      | murphy: actually trog
    91 | D:2      | Reached skill level 4 in Axes
    91 | D:2      | Reached XP level 2. HP: 22/27 MP: 1/1
    92 | D:2      | murphy: why not
    92 | D:2      | murphy: u have good melee
    92 | D:2      | murphy: and if u need to win ahard fight u have BiA and zerk
    92 | D:2      | murphy: and a lot of fast regen
    92 | D:2      | VajrapaniSR: might play TrBe if this guy dies
    92 | D:2      | murphy: also trog gifts ammo?
    92 | D:2      | VajrapaniSR: ye
    92 | D:2      | murphy: hm..
   235 | D:3      | Reached XP level 3. HP: 24/33 MP: 2/2
   326 | D:4      | Reached skill level 5 in Axes
   336 | D:5      | Entered Level 5 of the Dungeon
   348 | D:5      | Reached XP level 4. HP: 21/41 MP: 3/3
   351 | D:5      | Noticed a sky beast
   358 | D:4      | Noticed dvd's ghost (amateur DEFE)
   361 | D:5      | Slain by a centaur skeleton

Skill      XL: |  1  2  3 |
---------------+----------+-----
Axes           | 4 5 |  5.2
Fighting       | 4 |  4.5
Armour         | |  2.4
Dodging        | |  2.1

Action                   |  1- 3 |  4- 6 || total
-------------------------+-------+-------++-------
Melee: Hand axe          |    21 |       ||    21
       Headbutt          |     6 |       ||     6
       War axe           |    12 |       ||    12
Invok: Berserk           |       |     1 ||     1
Armor: Animal skin       |     6 |       ||     6
Dodge: Dodged            |    19 |     1 ||    20
